 Dungeon Crawl Stone Soup version 0.17.1-1-g73c8601 (webtiles) character file.

175208 tap556 the Executioner (level 17, -2/156 HPs)
             Began as a Minotaur Berserker on Mar 7, 2016.
             Was the Champion of Trog.
             Slain by a hell rat (5 damage)
             ... summoned by a deep elf summoner
             ... on level 3 of the Elven Halls on Mar 9, 2016.
             The game lasted 02:56:35 (32870 turns).

tap556 the Executioner (Minotaur Berserker)        Turns: 32870, Time: 02:56:35

Health: -2/156     AC: 33    Str: 27    XL:     17   Next: 46%
Magic:  7/7        EV:  7    Int:  4    God:    Trog [******]
Gold:   2217       SH:  0    Dex: 15    Spells: 0 memorised, 16 levels left

rFire  + . .     SeeInvis .     a - +6 executioner's axe (antimagic)
rCold  . . .     Clarity  .     W - +7 plate armour {rF+}
rNeg   . . .     SustAt   .     (shield currently unavailable)
rPois  .         Gourm    .     (helmet restricted)
rElec  .         Spirit   .     y - +1 cloak
rCorr  .         Warding  .     s - +0 pair of gloves
rMut   .         Stasis   .     K - +0 pair of boots
MR     +....                    r - amulet of regeneration
Stlth  ..........               V - +4 ring of protection
                                w - +3 ring of strength

@: exhausted, held, slowed, drained, very slow, somewhat resistant to hostile
enchantments, extremely unstealthy
A: retaliatory headbutt, horns 2
a: Berserk, Trog's Hand, Brothers in Arms, Burn Spellbooks, Renounce Religion


You were on level 3 of the Elven Halls.
You worshipped Trog.
Trog was exalted by your worship.
You were near starving.

You visited 6 branches of the dungeon, and saw 32 of its levels.
You also visited: Ice Cave.

You collected 3799 gold pieces.
You spent 1582 gold pieces at shops.

Inventory:

Hand Weapons
 a - a +6 antimagic executioner's axe (weapon)
 b - a +4 shortbow of flaming
 N - the +5 triple crossbow of Departure {velocity, rPois Str+2}
   (Trog gifted it to you on level 2 of the Elven Halls)

   Any bolt fired from it inflicts extra damage.
   It affects your strength (+2).
   It protects you from poison.
 O - a +6 battleaxe of chopping
Missiles
 M - 14 poisoned arrows
Armour
 s - a +0 pair of gloves (worn)
 y - a +1 cloak (worn)
 K - a +0 pair of boots (worn)
 W - a +7 plate armour of fire resistance (worn)
 Y - a +3 plate armour of cold resistance
Jewellery
 n - an uncursed ring of protection from fire
 r - an amulet of regeneration (around neck)
 w - a +3 ring of strength (left hand)
 R - an uncursed ring of protection from cold
 S - an uncursed ring of flight
 T - an uncursed ring of sustain attributes
 V - a +4 ring of protection (right hand)
Wands
 f - a wand of digging (24)
 l - a wand of lightning (5)
 m - a wand of lightning (14)
 t - a wand of paralysis (11)
 z - a wand of frost (25)
 B - a wand of magic darts (11)
 F - a wand of polymorph (11)
 H - a wand of fire (15)
 Z - a wand of slowing (43)
Scrolls
 c - 3 scrolls of identify
 e - 4 scrolls of fear
 j - 11 scrolls of teleportation
 q - 15 scrolls of remove curse
 v - 7 scrolls of blinking
 A - 4 scrolls of magic mapping
 C - 3 scrolls of immolation
 E - 5 scrolls of recharging
 Q - a scroll of summoning
 U - 2 scrolls of fog
Potions
 d - 7 potions of curing
 h - 4 potions of cancellation
 i - a potion of agility
 o - a potion of cure mutation
 p - 7 potions of heal wounds
 x - 6 potions of might
 D - a potion of resistance
 G - a potion of invisibility
 P - 3 potions of haste
Miscellaneous
 k - a plain deck of wonders {the Alchemist}
 u - a disc of storms
 I - a phial of floods
 J - a fan of gales
 L - an ornate deck of wonders {Dowsing}
Comestibles
 g - 11 meat rations
 X - 6 chunks of flesh


   Skills:
 - Level 15.1(14.6) Fighting
   Level 6.0(5.6) Long Blades
 + Level 23.8(23.2) Axes
 - Level 7.1(6.7) Bows
 - Level 6.2(5.8) Throwing
 - Level 14.0(13.6) Armour
 - Level 10.4(10.0) Dodging
 - Level 7.0(6.7) Evocations


You had 16 spell levels left.
You didn't know any spells.

Dungeon Overview and Level Annotations

Branches:
Dungeon (15/15)            Temple (0/1) D:7            Lair (8/8) D:8
 Shoals (1/4) Lair:3        Snake (1/4) Lair:4        Slime (0/6) Lair:7
    Orc (4/4) D:10            Elf (3/3) Orc:4        Vaults (0/5) D:14
 Depths (0/5) D:15

Altars:
Ashenzari
Elyvilon
Kikubaaqudgha
Makhleb
Nemelex Xobeh
Qazlal
Ru
Sif Muna
Trog
Vehumet
Xom
Zin
Beogh

Shops:
D:6 ?   D:7 ?   D:10 =   Orc:4 ?%:!   Elf:1 ?

Portals:
Trove: D:15 (give 11 potions of heal wounds)

Annotations:
Elf:2 3 runed doors


Innate Abilities, Weirdness & Mutations

You reflexively headbutt those who attack you in melee.
You have a pair of horns on your head.


Message History

You hit the hell rat.
The hell rat is moderately wounded.
You hit the jumping spider.
The jumping spider is lightly wounded.
You slash the jumping spider!
The jumping spider is severely wounded.
You barely miss the tarantella.
The hell rat bites you but does no damage.
The jumping spider pounces on you!
* * * LOW HITPOINT WARNING * * *
You are caught in a web!
The jumping spider bites you but does no damage.
The deep elf summoner hits you but does no damage.
The jumping spider leaps!
The tarantella bites you but does no damage.
The deep elf demonologist gestures wildly while chanting.
The hell rat bites you!
* * * LOW HITPOINT WARNING * * *
You feel drained.
You die...

#..###...##
#.).## #.<
#....e#
#..1# #..
##....#
#....# ###
#...1#
##.[...
#.#######e#
##.....
#...### #e#
#.....
#.....# #.#
#....
#...re###s#
#...s@s2ee#
#....ยง#####
#.)...#
#...###
#.### ###


You could see a green death, a deep elf demonologist, a deep elf summoner, 2
jumping spiders, a tarantella, a deep elf mage and a hell rat.

Vanquished Creatures
  Norris (Elf:2)
  Agnes (Elf:2)
  Maud (Lair:3)
  An orc warlord (Orc:4)
  Aizul (Snake:1)
  A deep elf sorcerer (Elf:2)
  A deep elf annihilator (Elf:1)
  An ettin (D:15)
  A merfolk javelineer (Shoals:1)
  2 merfolk impalers (Shoals:1)
  A fire dragon (Lair:8)
  The ghost of murphyslaw the Basher, a journeyman HuWn of Elyvilon (D:13)
  11 hydras
  3 centaur warriors
  4 anacondas (Snake:1)
  Erica (D:9)
  2 dancing weapons (Elf:2)
  6 death yaks
  2 merfolk aquamancers (Shoals:1)
  A tengu warrior (D:15)
  3 orc high priests (Orc:4)
  3 shock serpents (Snake:1)
  9 deep elf knights
  A wizard (D:15)
  A fire crab (Lair:6)
  A hell knight (D:15)
  A fire crab (shapeshifter) (Elf:1)
  A small abomination (Elf:2)
  3 skeletal warriors (D:15)
  A sea snake (Shoals:1)
  An unseen horror (D:12)
  An iron troll (D:14)
  11 deep elf summoners
  A lindwurm (D:14)
  A harpy (shapeshifter) (D:14)
  6 orc knights
  2 naga ritualists (Snake:1)
  Pikel (D:5)
  5 hill giants
  6 deep elf conjurers
  A wolf spider zombie (D:14)
  A phantasmal warrior (D:14)
  2 wolf spiders (Lair:8)
  A hornet (shapeshifter) (D:10)
  7 orc sorcerers
  3 oklob plants (Lair:7)
  A mana viper (Snake:1)
  5 griffons
  8 harpies (Shoals:1)
  6 manticores
  A salamander (Snake:1)
  5 cyclopes
  4 ugly things
  15 elephants
  2 manticores (shapeshifter) (D:14)
  4 fauns (Shoals:1)
  Maurice (Orc:4)
  28 black mambas
  15 spiny frogs
  A guardian serpent (Lair:8)
  2 ice statues (IceCv)
  4 sirens
  2 gargoyles
  4 naga magi (Snake:1)
  2 torpor snails
  4 orange demons (Elf:2)
  5 fire drakes
  A tengu conjurer (D:15)
  6 centaur skeletons
  11 komodo dragons
  A guardian mummy (D:15)
  8 deep elf priests
  3 harpy zombies (Shoals:1)
  9 trolls
  7 merfolk (Shoals:1)
  Grinder (D:6)
  6 polar bears
  2 two-headed ogres
  16 slime creatures
  A snapping turtle (Shoals:1)
  A wind drake (Shoals:1)
  2 griffon zombies (Shoals:1)
  15 blink frogs
  58 yaks
  A trapdoor spider (D:13)
  6 hippogriffs
  A redback (Lair:8)
  19 deep elf magi
  7 water elementals
  A yak (shapeshifter) (Elf:2)
  2 wraiths (D:15)
  6 basilisks
  Eustachio (D:5)
  18 deep elf fighters
  3 wargs
  6 wyverns
  2 steam dragons (Lair:8)
  4 hungry ghosts
  13 wolves
  Menkaure (D:4)
  7 swamp worms (Lair:2)
  4 mottled dragons
  3 soldier ants
  Edmund (D:6)
  13 porcupines
  23 water moccasins
  4 nagas (Snake:1)
  A sky beast (D:8)
  2 phantoms
  11 ice beasts
  A swamp drake (Lair:8)
  The ghost of msp the Ruffian, an amateur TrFi (D:6)
  3 wasps
  5 necrophages
  31 orc warriors
  4 spiders (Lair:8)
  A black bear (Lair:1)
  13 ogres
  An eye of draining (D:9)
  14 centaurs
  2 big kobolds
  17 crocodiles
  Blork the orc (D:5)
  22 giant frogs
  A water moccasin zombie (D:8)
  7 scorpions
  5 killer bees (D:10)
  4 wights
  3 giant frog zombies
  6 electric eels
  5 crimson imps
  23 orc priests
  7 centaur zombies
  6 jellies
  9 hounds
  10 iguanas
  29 orc wizards
  2 giant frog skeletons
  10 sheep
  17 worker ants
  2 hound skeletons
  2 worker ant zombies
  Robin (D:4)
  20 gnolls
  22 adders
  60 river rats
  3 shadow imps
  A white imp (D:11)
  An ufetubus (D:11)
  An ooze (D:6)
  An adder zombie (D:7)
  2 adder skeletons
  16 worms
  8 giant geckos
  180 orcs
  6 bats
  A bat zombie (Shoals:1)
  7 giant cockroaches
  21 goblins
  6 hobgoblins
  13 jackals
  20 kobolds
  6 quokkas
  5 ball pythons
  10 giant newts
  A quokka zombie (D:7)
  8 rats
  A crawling corpse (Elf:2)
  9 fungi
  16 plants
1254 creatures vanquished.

Vanquished Creatures (collateral kills)
  Rupert (Lair:8)
  A merfolk impaler (Shoals:1)
  A satyr (Shoals:1)
  A faun (Shoals:1)
  A water moccasin (Lair:8)
  A fungus (Lair:8)
6 creatures vanquished.

Vanquished Creatures (others)
  A deep elf mage (D:10)
  A water elemental (Shoals:1)
  An orc (Orc:4)
  10 fungi
  12 plants
25 creatures vanquished.

Grand Total: 1285 creatures vanquished

Notes
Turn   | Place    | Note
--------------------------------------------------------------
     0 | D:1      | tap556 the Minotaur Berserker began the quest for the Orb.
     0 | D:1      | Reached XP level 1. HP: 19/19 MP: 0/0
    51 | D:1      | Reached skill level 4 in Axes
   104 | D:1      | Reached XP level 2. HP: 24/26 MP: 1/1
   425 | D:1      | Reached ** piety under Trog
   603 | D:1      | Reached skill level 5 in Axes
   832 | D:2      | Reached XP level 3. HP: 31/31 MP: 2/2
  1120 | D:2      | Reached skill level 6 in Axes
  1120 | D:2      | Reached XP level 4. HP: 23/39 MP: 3/3
  1304 | D:2      | Found a sparkling altar of Nemelex Xobeh.
  2068 | D:3      | Reached skill level 7 in Axes
  2068 | D:3      | Reached XP level 5. HP: 41/45 MP: 4/4
  2235 | D:3      | Reached *** piety under Trog
  2594 | D:3      | Found a deep blue altar of Sif Muna.
  2608 | D:3      | Found a stormy altar of Qazlal.
  2609 | D:3      | Found a glowing silver altar of Zin.
  2697 | D:3      | Found a bloodstained altar of Trog.
  2905 | D:4      | Reached skill level 8 in Axes
  2987 | D:4      | Noticed Menkaure
  2997 | D:4      | Killed Menkaure
  2997 | D:4      | Reached XP level 6. HP: 51/51 MP: 5/5
  2999 | D:4      | Reached skill level 9 in Axes
  3195 | D:4      | Found a sacrificial altar of Ru.
  3234 | D:4      | Reached XP level 7. HP: 55/57 MP: 6/6
  3353 | D:4      | Reached **** piety under Trog
  3535 | D:4      | Noticed Robin
  3549 | D:4      | Killed Robin
  3771 | D:4      | Reached skill level 10 in Axes
  3777 | D:4      | Found a shimmering altar of Xom.
  3900 | D:5      | Entered Level 5 of the Dungeon
  3994 | D:5      | Reached skill level 11 in Axes
  4065 | D:5      | Noticed Pikel
  4081 | D:5      | Killed Pikel
  4081 | D:5      | Reached skill level 12 in Axes
  4081 | D:5      | Reached XP level 8. HP: 64/64 MP: 7/7
  4172 | D:5      | Found a radiant altar of Vehumet.
  4184 | D:5      | Got a smoking hand axe
  4185 | D:5      | Identified the +5 hand axe of Tartarus {chop, rElec rC- Stlth+} (You found it on level 5 of the Dungeon)
  4460 | D:5      | Noticed Blork the orc
  4467 | D:5      | Killed Blork the orc
  4467 | D:5      | Reached skill level 13 in Axes
  4582 | D:5      | Noticed Eustachio
  4589 | D:5      | Killed Eustachio
  4857 | D:6      | Reached skill level 5 in Fighting
  4909 | D:6      | Reached XP level 9. HP: 73/73 MP: 8/8
  5011 | D:6      | Noticed msp's ghost (amateur TrFi)
  5012 | D:6      | Found Rahyri's Magic Scroll Shoppe.
  5022 | D:6      | Killed msp's ghost
  5079 | D:6      | Bought a scroll of enchant armour for 105 gold pieces
  5079 | D:6      | Bought a scroll of blinking for 105 gold pieces
  5079 | D:6      | Bought a scroll of identify for 28 gold pieces
  5079 | D:6      | Bought a scroll of identify for 28 gold pieces
  5079 | D:6      | Bought a scroll of identify for 28 gold pieces
  5453 | D:6      | Noticed Edmund
  5471 | D:6      | Reached ***** piety under Trog
  5481 | D:6      | Killed Edmund
  5650 | D:6      | Noticed Grinder
  5661 | D:6      | Killed Grinder
  5661 | D:6      | Reached skill level 10 in Fighting
  5971 | D:7      | Found Nestron's Magic Scroll Shoppe.
  5982 | D:7      | Bought a scroll of identify for 28 gold pieces
  5982 | D:7      | Bought a scroll of identify for 28 gold pieces
  6022 | D:7      | You fall through a shaft for 3 floors!
  6022 | D:10     | Entered Level 10 of the Dungeon
  6140 | D:10     | Found Kahonixe's Jewellery Shop.
  6146 | D:10     | Noticed a gargoyle
  6161 | D:10     | Killed a gargoyle
  6161 | D:10     | Reached skill level 5 in Armour
  6172 | D:10     | Reached XP level 10. HP: 82/91 MP: 9/9
  6249 | D:10     | Noticed a hornet
  6258 | D:10     | Paralysed by a hornet for 2 turns
  6261 | D:10     | Killed a hornet
  6377 | D:10     | Noticed a hill giant
  6383 | D:10     | Killed a hill giant
  6473 | D:9      | Reached skill level 10 in Armour
  6504 | D:9      | Noticed Erica
  6539 | D:9      | Killed Erica
  6610 | D:7      | Noticed a centaur skeleton
  6620 | D:7      | Killed a centaur skeleton
  6695 | D:7      | Found a staircase to the Ecumenical Temple.
  7035 | D:7      | Reached skill level 5 in Dodging
  7208 | D:8      | Reached XP level 11. HP: 88/97 MP: 10/10
  7255 | D:8      | Found a staircase to the Lair.
  7514 | D:8      | Found a burning altar of Makhleb.
  7514 | D:8      | Found a white marble altar of Elyvilon.
  8390 | D:10     | Reached skill level 1 in Long Blades
  8446 | D:10     | Noticed a centaur skeleton
  8454 | D:10     | Killed a centaur skeleton
  8458 | D:10     | Found a staircase to the Orcish Mines.
  8499 | D:10     | Reached skill level 5 in Long Blades
  8824 | Orc:1    | Entered Level 1 of the Orcish Mines
  8990 | Orc:2    | Received a gift from Trog
  9439 | Orc:2    | Reached skill level 1 in Throwing
 10214 | Orc:2    | Received a gift from Trog
 10218 | Orc:2    | Reached skill level 5 in Throwing
 11012 | Lair:1   | Entered Level 1 of the Lair of Beasts
 11100 | Lair:1   | Found a frozen archway.
 11112 | IceCv    | Entered an ice cave
 11124 | IceCv    | Reached XP level 12. HP: 104/104 MP: 11/11
 11186 | IceCv    | Reached skill level 14 in Axes
 11467 | Lair:1   | You fall through a shaft!
 11659 | Lair:1   | Received a gift from Trog
 11865 | Lair:1   | Reached skill level 15 in Axes
 12320 | D:10     | Bought a +4 ring of protection for 504 gold pieces
 12426 | Lair:2   | Reached ****** piety under Trog
 12455 | Lair:2   | Received a gift from Trog
 12735 | Orc:4    | Entered Level 4 of the Orcish Mines
 12930 | Orc:4    | Noticed an orc warlord
 12946 | Orc:4    | Reached skill level 16 in Axes
 12958 | Orc:4    | Killed an orc warlord
 13026 | Orc:4    | Found a staircase to the Elven Halls.
 13054 | Orc:4    | Noticed Maurice
 13067 | Orc:4    | Killed Maurice
 13070 | Orc:4    | Reached skill level 17 in Axes
 13072 | Orc:4    | Paralysed by an orc sorcerer for 2 turns
 13128 | Orc:3    | Reached XP level 13. HP: 22/113 MP: 12/12
 13336 | Orc:4    | Received a gift from Trog
 13528 | Orc:4    | Found a roughly hewn altar of Beogh.
 13605 | Orc:4    | Found Taxuh's Food Emporium.
 13660 | Orc:4    | Found Acifes's Magic Scroll Emporium.
 13661 | Orc:4    | Found Gufogi's Distillery.
 13673 | Orc:4    | Found Anobaj's Book Boutique.
 13676 | Orc:4    | Bought a scroll of enchant armour for 75 gold pieces
 13676 | Orc:4    | Bought a scroll of identify for 20 gold pieces
 13676 | Orc:4    | Bought a scroll of enchant armour for 75 gold pieces
 13760 | Orc:4    | Bought a potion of heal wounds for 65 gold pieces
 13760 | Orc:4    | Bought a potion of haste for 130 gold pieces
 13760 | Orc:4    | Bought 2 potions of heal wounds for 130 gold pieces
 13896 | Orc:4    | Received a gift from Trog
 13900 | Orc:4    | Reached skill level 18 in Axes
 15048 | D:12     | Reached skill level 19 in Axes
 15346 | D:12     | Reached skill level 1 in Evocations
 15361 | D:12     | Received a gift from Trog
 15627 | D:12     | Found a burning altar of Makhleb.
 15627 | D:12     | Noticed a cacodemon
 16597 | Lair:3   | Reached skill level 5 in Evocations
 16790 | Lair:3   | Found a staircase to the Shoals.
 16883 | Lair:3   | Received a gift from Trog
 17096 | Lair:3   | Noticed Maud
 17115 | Lair:3   | Killed Maud
 17338 | Lair:4   | Reached skill level 1 in Bows
 17389 | Lair:4   | Reached XP level 14. HP: 113/121 MP: 18/18
 17667 | Lair:4   | Reached skill level 5 in Bows
 17745 | Lair:4   | Found a staircase to the Snake Pit.
 17865 | Lair:4   | Received a gift from Trog
 18251 | Lair:5   | Received a gift from Trog
 18347 | Lair:5   | Received a gift from Trog
 18692 | Lair:5   | Found a sacrificial altar of Ru.
 19314 | Shoals:1 | Entered Level 1 of the Shoals
 19880 | Shoals:1 | Received a gift from Trog
 20158 | Shoals:1 | Reached XP level 15. HP: 71/139 MP: 19/19
 20370 | Shoals:1 | Reached skill level 15 in Fighting
 20837 | D:13     | Noticed murphyslaw's ghost (journeyman HuWn)
 20861 | D:13     | Killed murphyslaw's ghost
 21525 | D:13     | Received a gift from Trog
 22618 | D:14     | Found a gate to the Vaults.
 22813 | D:15     | Entered Level 15 of the Dungeon
 22924 | D:15     | Found a shattered altar of Ashenzari.
 23328 | D:15     | Found a portal to a secret trove of treasure.
 23681 | D:15     | Found a staircase to the Depths.
 24478 | Lair:6   | Received a gift from Trog
 24516 | Lair:6   | Reached skill level 10 in Dodging
 25320 | Lair:6   | Reached XP level 16. HP: 147/149 MP: 20/20
 25454 | Lair:7   | Received a gift from Trog
 25541 | Lair:7   | Found a staircase to the Slime Pits.
 25982 | Lair:7   | Received a gift from Trog
 26270 | Lair:8   | Entered Level 8 of the Lair of Beasts
 26301 | Lair:8   | Reached skill level 20 in Axes
 26759 | Lair:8   | Noticed Rupert
 26767 | Lair:8   | Killed Rupert
 27190 | Lair:8   | Reached skill level 21 in Axes
 27356 | Lair:8   | Received a gift from Trog
 28019 | Snake:1  | Entered Level 1 of the Snake Pit
 28654 | Snake:1  | Noticed Aizul
 28664 | Snake:1  | Killed Aizul
 28852 | Snake:1  | Reached skill level 22 in Axes
 29218 | Elf:1    | Entered Level 1 of the Elven Halls
 29705 | Elf:1    | Received a gift from Trog
 29725 | Elf:1    | Found Her Ytee's Magic Scroll Shop.
 29784 | Elf:1    | Bought a scroll of enchant armour for 97 gold pieces
 29784 | Elf:1    | Bought a scroll of teleportation for 39 gold pieces
 29784 | Elf:1    | Bought a scroll of enchant armour for 97 gold pieces
 30142 | Elf:1    | Reached XP level 17. HP: 82/156 MP: 7/21
 30392 | Elf:2    | Noticed Norris
 30415 | Elf:2    | Killed Norris
 30538 | Elf:2    | Noticed Agnes
 30546 | Elf:2    | Killed Agnes
 30546 | Elf:2    | Reached skill level 23 in Axes
 31442 | Elf:2    | Received a gift from Trog
 31447 | Elf:2    | Got a slimy triple crossbow {god gift}
 31448 | Elf:2    | Identified the +5 triple crossbow of Departure {velocity, rPois Str+2} (Trog gifted it to you on level 2 of the Elven Halls)
 32275 | Elf:2    | Found a runed gate.
 32275 | Elf:2    | Found a runed gate.
 32277 | Elf:2    | Found a runed gate.
 32656 | Elf:2    | Found an ancient bone altar of Kikubaaqudgha.
 32786 | Elf:3    | Entered Level 3 of the Elven Halls
 32832 | Elf:3    | Noticed a Brimstone Fiend
 32870 | Elf:3    | HP: 3/156 [hell rat[a deep elf summoner] (12)]
 32870 | Elf:3    | Slain by a hell rat

Action                   |  1- 3 |  4- 6 |  7- 9 | 10-12 | 13-15 | 16-18 || total
-------------------------+-------+-------+-------+-------+-------+-------++-------
Melee: Hand axe          |    76 |   149 |   268 |   382 |     5 |       ||   880
       War axe           |       |       |       |   397 |   347 |       ||   744
       Broad axe         |       |       |       |       |    22 |       ||    22
       Battleaxe         |       |       |       |       |   702 |   337 ||  1039
       Morningstar       |       |       |       |       |    19 |       ||    19
       Flail             |       |       |       |       |     8 |       ||     8
       Great sword       |       |       |       |       |     3 |       ||     3
       Dire flail        |       |       |       |       |    16 |    50 ||    66
       Executioner's axe |       |       |       |       |       |   299 ||   299
 Fire: Longbow           |       |       |       |       |    12 |       ||    12
       Shortbow          |       |       |       |       |       |    32 ||    32
Throw: Javelin           |       |     9 |     4 |     4 |   199 |    75 ||   291
       Tomahawk          |       |       |       |     8 |    25 |       ||    33
Invok: Berserk           |     1 |     2 |     5 |     9 |     4 |     4 ||    25
       Burn Spellbooks   |       |       |       |     2 |     3 |     1 ||     6
       Brothers in Arms  |       |       |       |       |     1 |       ||     1
 Abil: Evoke Flight      |       |       |       |       |       |     1 ||     1
Evoke: Wand              |       |       |       |       |    28 |     1 ||    29
  Use: Scroll            |       |       |    16 |    11 |    15 |    12 ||    54
       Potion            |       |       |       |     3 |     1 |     1 ||     5
  Eat: Chunk             |     1 |    10 |    15 |    19 |    27 |    16 ||    88
       Pizza             |       |       |       |     2 |     1 |       ||     3
       Royal jelly       |       |       |       |     1 |     2 |       ||     3
       Beef jerky        |       |       |       |     9 |     4 |     2 ||    15
       Fruit             |       |       |       |       |    23 |     2 ||    25
       Bread ration      |       |       |       |       |     1 |       ||     1
       Meat ration       |       |       |       |       |       |     2 ||     2
